 Dungeon Crawl Stone Soup version 0.24.0-37-gcf1ca852f1 (webtiles) character file.

Game seed: 7438147656252891955, levelgen mode: deterministic

2176 Descartes the Gouger (level 9, -7/43 HPs)
             Began as a Felid Monk on Nov 23, 2019.
             Mangled by Gastronok (26 damage)
             ... on level 10 of the Dungeon.
             The game lasted 00:24:01 (17796 turns).

Descartes the Gouger (Felid Monk)                  Turns: 17796, Time: 00:24:02

Health: -7/43      AC:  2    Str: 10    XL:     9   Next: 11%
Magic:  12/12      EV: 27    Int: 11    God:
Gold:   421        SH:  4    Dex: 20    Spells: 8/8 levels left
                                        Lives:  0   Deaths: 3

rFire    . . .     SeeInvis +     - Unarmed
rCold    . . .     Gourm    .   (shield unavailable)
rNeg     . . .     Faith    .   (armour unavailable)
rPois    .         Spirit   .   (helmet unavailable)
rElec    .         Reflect  +   (cloak unavailable)
rCorr    .         Harm     .   (gloves unavailable)
MR       +....                  (boots unavailable)
Stlth    +++++.....             B - +4 amulet of reflection
HPRegen  0.14/turn              (no ring)
MPRegen  0.13/turn              (no ring)

@: slowed, slow
A: very small, no armour, no weapons or thrown items, stealth, claws 1, fangs 3,
see invisible, carnivore, speed 1, shaggy fur 2, slow metabolism 1, sharp paws
a: no special abilities


You were on level 10 of the Dungeon.
You were not hungry.

You visited 2 branches of the dungeon, and saw 11 of its levels.

You collected 421 gold pieces.

Inventory:

Missiles
 b - 211 stones
 h - 362 arrows
Jewellery
 c - an uncursed amulet of guardian spirit
 B - a +4 amulet of reflection (around neck)
Wands
 E - a wand of scattershot (6)
 F - a wand of enslavement (10)
Scrolls
 e - a scroll of immolation
 f - a scroll of magic mapping {unknown}
 i - 2 scrolls of teleportation {unknown}
 j - 2 scrolls of remove curse
 p - a scroll of fog {unknown}
 r - 2 scrolls of enchant armour
 w - 2 scrolls of amnesia
 x - a scroll of blinking {unknown}
 y - 2 scrolls of enchant weapon {unknown}
 A - a scroll of noise {unknown}
 D - 2 scrolls of fear {unknown}
 G - 2 scrolls of silence {unknown}
Potions
 d - a potion of might {unknown}
 g - a potion of magic {unknown}
 k - a potion of invisibility
 l - 2 potions of agility {unknown}
 n - 2 potions of haste
 o - 4 potions of heal wounds
 q - 2 potions of mutation {unknown}
 s - a potion of flight
 t - 3 potions of curing
 u - a potion of ambrosia {unknown}
 v - a potion of brilliance {unknown}
 C - 3 potions of cancellation {unknown}
 H - a potion of resistance {unknown}
Comestibles
 a - 21 rations


   Skills:
 + Level 7.6 Fighting
 + Level 9.9 Dodging
 + Level 10.2 Stealth
 * Level 10.3 Unarmed Combat
 + Level 3.7 Evocations


You had 8 spell levels left.
You didn't know any spells.
Your spell library contained the following spells:

 Spells                   Type           Power        Failure   Level  Hunger
 Animate Skeleton         Necr           N/A          34%         1    ##.....
 Pain                     Necr           #...         34%         1    ##.....
 Regeneration             Chrm/Necr      #.........   71%         3    ####...
 Vampiric Draining        Necr           #.........   71%         3    ####...
 Animate Dead             Necr           N/A          98%         4    #####..


Dungeon Overview and Level Annotations

Branches:
Dungeon (10/15)            Temple (1/1) D:7
   Lair: D:8-11         Orc: D:9-12

Altars:
Ashenzari
Cheibriados
Dithmenos
Elyvilon
Fedhas
Gozag
Hepliaklqana
Kikubaaqudgha
Makhleb
Nemelex Xobeh
Okawaru
Qazlal
Ru
Sif Muna
Trog
Uskayaw
Vehumet
Wu Jian
Xom
Yredelemnul
Zin
The Shining One

Shops:
D:5 (

Annotations:
D:10 Gastronok


Innate Abilities, Weirdness & Mutations

You cannot wear armour.
You are incapable of wielding weapons or throwing items.
Your paws allow you to move quietly. (Stealth)
You have sharp claws.
You have razor-sharp teeth.
You have supernaturally acute eyesight. (SInv)
You are carnivorous and can eat meat at any time.
You cover ground quickly.
You are covered in thick fur. (AC +2)
You have a slow metabolism.
Your sharp claws are effective at attacking unaware monsters.


Message History

You claw Gastronok!
Gastronok is severely wounded.
Gastronok bites you!
You scratch Gastronok. You bite Gastronok.
Gastronok is severely wounded.
Gastronok casts a spell.
You claw Gastronok! You bite Gastronok, but do no damage.
Gastronok is almost dead.
The quokka misses you.
You scratch Gastronok.
Gastronok is almost dead.
The quokka completely misses you. Gastronok bites you.
You barely miss Gastronok.
Gastronok is almost dead.
The quokka closely misses you. The quokka misses you.
You scratch Gastronok but do no damage. You bite Gastronok.
Gastronok is almost dead.
The quokka completely misses you. Gastronok bites you!!
Ouch! That really hurt!
You die...

#...................
#....................
#..$..................
#.....................
#....................?
#.....................
............)...........
............w...........
..............@..........
..............r..........
........................
................<.......
.......................
...................
...................
..................
#################


You could see Gastronok (invisible) and a quokka.

Vanquished Creatures
  Sonja (D:10)
  Pikel (D:5)
  Psyche (D:8)
  A troll (D:9)
  Prince Ribbit (D:8)
  Grinder (D:4)
  A water moccasin (D:4)
  2 orc warriors (D:7)
  A sky beast (D:7)
  An ice beast (D:6)
  2 ogres
  4 phantoms
  A necrophage (D:8)
  A slave (D:6)
  9 centaurs
  A crocodile (D:6)
  A big kobold (D:8)
  6 bullfrogs
  4 scorpions
  5 wights
  2 howler monkeys
  2 crimson imps
  3 centaur skeletons
  5 hounds
  3 jellies (D:8)
  5 orc priests
  2 orc wizards (D:8)
  3 bullfrog skeletons
  3 iguanas
  8 worker ants
  A killer bee zombie (D:7)
  3 hound zombies
  A hound skeleton (D:3)
  4 gnolls (D:8)
  8 adders
  A shadow imp (D:5)
  5 oozes (D:8)
  5 adder zombies
  2 adder skeletons
  2 worms
  A dart slug (D:2)
  4 leopard geckos
  19 orcs
  3 giant cockroaches
  6 goblins
  5 hobgoblins
  10 jackals
  9 kobolds
  7 quokkas
  5 bats
  3 frilled lizards
  A jackal zombie (D:3)
  2 leopard gecko zombies (D:3)
  2 quokka skeletons
  2 quokka zombies
  4 rats
196 creatures vanquished.

Vanquished Creatures (others)
  A bullfrog skeleton (D:6)
  A shadow imp (D:6)
  A leopard gecko (D:6)
3 creatures vanquished.

Grand Total: 199 creatures vanquished

Notes
Turn   | Place    | Note
-------+----------+-------------------------------------------
     0 | D:1      | Descartes the Felid Monk began the quest for the Orb.
     0 | D:1      | Reached XP level 1. HP: 10/10 MP: 2/2
   276 | D:1      | Reached XP level 2. HP: 14/14 MP: 3/3
  1099 | D:2      | Reached XP level 3. HP: 17/17 MP: 4/4
  1533 | D:2      | Found a shimmering blue altar of Sif Muna.
  1540 | D:2      | Found a burning altar of Makhleb.
  1540 | D:2      | Found a bloodstained altar of Trog.
  1540 | D:2      | Found a white marble altar of Elyvilon.
  1540 | D:2      | Found an iron altar of Okawaru.
  1542 | D:2      | Found a glowing golden altar of the Shining One.
  1543 | D:2      | Found an opulent altar of Gozag.
  1544 | D:2      | Found an ornate altar of the Wu Jian Council.
  1545 | D:2      | Found a shattered altar of Ashenzari.
  2071 | D:3      | Found a basalt altar of Yredelemnul.
  2125 | D:3      | Reached XP level 4. HP: 21/21 MP: 5/5
  2582 | D:4      | Reached XP level 5. HP: 21/25 MP: 4/6
  2664 | D:4      | Reached skill level 5 in Dodging
  2772 | D:4      | Noticed Grinder
  2778 | D:4      | Killed Grinder
  2778 | D:4      | Reached skill level 5 in Unarmed Combat
  2778 | D:4      | Gained mutation: You are covered in thick fur. (AC +2)
                  | [Felid growth]
  2778 | D:4      | Reached XP level 6. HP: 22/28 MP: 5/7
  3261 | D:4      | Reached skill level 5 in Stealth
  3527 | D:5      | Entered Level 5 of the Dungeon
  3529 | D:5      | Noticed a water moccasin
  3583 | D:4      | Killed a water moccasin
  3901 | D:5      | Reached XP level 7. HP: 29/33 MP: 6/8
  4712 | D:5      | Found Noshroq's Antique Weapon Shoppe.
  5341 | D:6      | Reached skill level 5 in Fighting
  5493 | D:6      | Reached XP level 8. HP: 37/37 MP: 9/9
  5496 | D:6      | Noticed Pikel
  5525 | D:6      | Slain by a bullfrog
  5526 | D:6      | Reached XP level 7. HP: 0/33 MP: 0/8
  5621 | D:6      | Found an ancient bone altar of Kikubaaqudgha.
  6091 | D:5      | Killed Pikel
  6091 | D:5      | Reached XP level 8. HP: 2/38 MP: 2/9
  6462 | D:6      | Found a sparkling altar of Nemelex Xobeh.
  7313 | D:6      | Found a sparkling altar of Nemelex Xobeh.
  7681 | D:6      | Found an ancient bone altar of Kikubaaqudgha.
  8143 | D:5      | Found Noshroq's Antique Weapon Shoppe.
  8485 | D:7      | Found a staircase to the Ecumenical Temple.
  8492 | Temple   | Entered the Ecumenical Temple
  9095 | D:7      | Found a shadowy altar of Dithmenos.
 10471 | D:7      | Reached XP level 9. HP: 22/41 MP: 5/10
 11288 | D:8      | Noticed Psyche
 11781 | D:8      | Noticed Prince Ribbit
 11803 | D:8      | Killed Prince Ribbit
 12165 | D:8      | Reached skill level 1 in Evocations
 12559 | D:8      | HP: 2/42 [Psyche/puff of frost (14)]
 12560 | D:8      | Slain by Psyche
 12561 | D:8      | Reached XP level 8. HP: -1/39 MP: 9/9
 12985 | D:8      | Killed Psyche
 12985 | D:8      | Reached XP level 9. HP: 33/43 MP: 11/11
 13850 | D:7      | Found a shadowy altar of Dithmenos.
 13905 | D:7      | Found a staircase to the Ecumenical Temple.
 14464 | D:9      | Noticed a troll
 14470 | D:9      | Killed a troll
 14901 | D:9      | Reached skill level 10 in Unarmed Combat
 15229 | D:10     | Entered Level 10 of the Dungeon
 15497 | D:10     | Noticed Sonja
 15519 | D:10     | Killed Sonja
 15519 | D:10     | Reached skill level 10 in Stealth
 15697 | D:10     | Noticed Gastronok
 15706 | D:10     | Reached XP level 10. HP: 20/47 MP: 13/13
 15714 | D:10     | Mangled by Gastronok
 15715 | D:10     | Reached XP level 9. HP: -8/43 MP: 12/12
 15879 | D:10     | Noticed a troll
 17796 | D:10     | Mangled by Gastronok

Levels and vault maps discovered:
D:1:      psy_arrival_dodecagon, layout_loops_ring, minmay_misc_feat_columns
D:2:      layout_loops_ring, minitemple
D:3:      layout_rooms, old_standard_altar, serial_undead, serial_undead_d,
          serial_undead_a, serial_undead_b, serial_undead_c, serial_undead_a,
          serial_undead_f
D:4:      layout_loops_ring, minmay_misc_feat_ornament, minivault_5,
          uniq_grinder
D:5:      layout_rooms, first_ration, serial_shops, nicolae_shop_window_shopping
D:6:      layout_layer_cave, overflow_temple_1_default, basic_altar, uniq_pikel
D:7:      nicolae_whirlpool, layout_cave_pods, lemuel_coloured_pillars_altar,
          minmay_temple_entry_slanted
D:8:      layout_loops_corners, minmay_misc_feat_doors,
          hangedman_little_slice_of_home, uniq_psyche, uniq_prince_ribbit1
D:9:      layout_long_grid, minmay_strange_pillars, amethyst_killhole
D:10:     layout_long_grid, erik_lair_dragon, minmay_ruffians, uniq_sonja,
          uniq_erolcha, uniq_gastronok, uniq_fannar
Temple:   zaba_magenta_temple

Skill      XL: |  1  2  3  4  5  6  7  8  9 |
---------------+----------------------------+-----
Stealth        | 3 4 5 7 8 10 | 10.2
Unarmed Combat | 4 5 7 8 10 | 10.3
Dodging        | 5 7 8 9 |  9.9
Fighting       | 4 5 7 |  7.6
Evocations     | 2 3 |  3.7

Action                   |  1- 3 |  4- 6 |  7- 9 | 10-12 || total
-------------------------+-------+-------+-------+-------++-------
Melee: Unarmed           |   127 |    79 |   635 |     8 ||   849
       Bite              |     9 |     8 |    76 |     1 ||    94
       Punch             |     3 |     3 |    30 |     1 ||    37
Evoke: Wand              |       |       |    11 |       ||    11
  Use: Scroll            |       |       |     9 |       ||     9
       Potion            |       |       |     8 |       ||     8
 Stab: Sleeping          |    15 |     3 |    31 |       ||    49
       Distracted        |       |       |     4 |       ||     4
       Invisible         |       |       |     1 |       ||     1
  Eat: Chunk             |    10 |     2 |    35 |       ||    47
Armor: Skin              |     6 |     1 |    14 |       ||    21
Dodge: Dodged            |    96 |    69 |   550 |     8 ||   723
Block: Other             |       |       |    47 |     1 ||    48
